 Dungeon Crawl Stone Soup version 0.30-a0-459-g9104f0fc43 (webtiles) character file.

Game seed: 3904650895778048722

1201 NinjaNoafa the Destroyer (level 8, -4/41 HPs)
             Began as a Tengu Conjurer on Dec 15, 2022.
             Slain by an orc warrior
             ... wielding a +0 halberd
              (16 damage)
             ... on level 6 of the Dungeon.
             The game lasted 00:09:08 (5369 turns).

NinjaNoafa the Destroyer (Tengu Conjurer)           Turns: 5369, Time: 00:09:09

Health: -4/41      AC:  3    Str: 15    XL:     8   Next: 44%
Magic:  2/17       EV: 14    Int: 20    God:
Gold:   419        SH:  0    Dex: 12    Spells: 12/18 levels left

rFire   . . .      SeeInvis .    D - +1 trident (protect)
rCold   . . .      Faith    .    (no shield)
rNeg    . . .      Spirit   .    a - +0 robe
rPois   .          Reflect  .    (helmet restricted)
rElec   .          Harm     .    (no cloak)
rCorr   .          Rampage  .    m - +0 pair of gloves
Will    .....                    (boots unavailable)
Stlth   ++........               (no amulet)
HPRegen 0.26/turn                l - +6 ring of strength
MPRegen 0.15/turn                (no ring)

@: flying quickly and evasively, quick
A: beak, talons 3, nimble flight
a: no special abilities


You were on level 6 of the Dungeon.
You visited 1 branch of the dungeon, and saw 6 of its levels.

You collected 419 gold pieces.

Inventory:

Hand Weapons
 D - a +1 trident of protection (weapon)
Missiles
 c - 51 stones
 n - 2 javelins
 q - 6 datura-tipped darts
 t - 4 boomerangs
 x - 6 boomerangs of dispersal
Armour
 a - a +0 robe (worn)
 m - a +0 pair of gloves (worn)
Jewellery
 l - a +6 ring of strength (left hand)
 o - a ring of see invisible
Wands
 h - a wand of paralysis (8)
 w - a wand of light (13)
Scrolls
 d - 4 scrolls of fear
 e - 2 scrolls of fog
 f - a scroll of immolation {unknown}
 g - 3 scrolls of vulnerability
 j - a scroll of blinking {unknown}
 k - a scroll of silence {unknown}
 p - a scroll of enchant armour {unknown}
 s - 2 scrolls of noise
 v - 2 scrolls of magic mapping {unknown}
 y - 2 scrolls of butterflies {unknown}
 C - 2 scrolls of teleportation {unknown}
Potions
 b - a potion of magic
 i - a potion of resistance
 r - 2 potions of heal wounds
 u - a potion of lignification {unknown}
 z - a potion of ambrosia {unknown}
 A - 2 potions of curing {unknown}
 B - a potion of flight {unknown}


   Skills:
 - Level 2.1 Dodging
 - Level 2.0 Stealth
 + Level 5.6 Spellcasting
 + Level 9.3 Conjurations
 + Level 3.2 Hexes
 + Level 3.2 Summonings


You had 12 spell levels left.
You knew the following spells:

 Your Spells              Type           Power      Damage    Failure   Level
a - Magic Dart            Conj           100%       1d8       1%          1
b - Searing Ray           Conj           84%        2d7       1%          2
c - Dazzling Flash        Conj/Hex       60%        N/A       2%          3

Your spell library contained the following spells:

 Spells                   Type           Power      Damage    Failure   Level
 Summon Small Mammal      Summ           72%        N/A       2%          1
 Hailstorm                Conj/Ice       24%        3d7       4%          3
 Call Canine Familiar     Summ           18%        N/A       9%          3
 Summon Guardian Golem    Hex/Summ       18%        N/A       9%          3
 Fulminant Prism          Conj/Hex       15%        3d10      9%          4
 Apportation              Tloc           10%        N/A       11%         1
 Necrotise                Necr           20%        1d5       11%         1
 Iskenderun's Mystic Bla  Conj/Tloc      24%        2d7       16%         4
 Kindle Blastsparks       Fire/Tloc/Air  10%        2d10      32%         3
 Ice Form                 Ice/Tmut       5%         N/A       73%         4
 Yara's Violent Unravell  Hex/Tmut       6%         3d5       83%         5
 Lee's Rapid Deconstruct  Erth           2%         3d5*      97%         5
 Simulacrum               Ice/Necr       2%         N/A       100%        6
 Enfeeble                 Hex            9%         N/A       100%        7


Dungeon Overview and Level Annotations

Branches:
Dungeon (6/15)
 Temple: D:4-7

Altars:
Dithmenos
Hepliaklqana
Nemelex Xobeh
Qazlal
Sif Muna
Wu Jian
Zin

Annotations:
D:4 3 runed translucent doors, indyram44's ghost, amateur DsFi


Innate Abilities, Weirdness & Mutations

You have a beak for a mouth.
You have claws for feet.
Your magical nature lets you fly swiftly and evasively.


Message History

Casting: Dazzling Flash (dangerous; 2% risk of failure)
Press: ? - help, Dir - look around, f - activate The orc warrior is dazzled.
The orc warrior barely misses you.
Casting: Dazzling Flash (dangerous; 2% risk of failure)
Confirm with . or Enter, or press ? or * to list all spells.
Aiming: Searing Ray (safe; 1% risk of failure)
Press: ? - help, Shift-Dir - straight line, f - orc warrior
Aim: an orc warrior, wielding a +0 halberd and wearing a +0 plate armour (moderately wounded, blind, 82% to hit)
The searing ray hits the orc warrior!
The orc warrior is severely wounded. (Press . to maintain the ray.)
The searing ray hits the orc warrior but does no damage.
The orc warrior is severely wounded.
The searing ray hits the orc warrior but does no damage.
The orc warrior is severely wounded.
You finish channelling your searing ray.
Casting: Searing Ray (safe; 1% risk of failure)
Confirm with . or Enter, or press ? or * to list all spells.
Aiming: Searing Ray (safe; 1% risk of failure)
Press: ? - help, Shift-Dir - straight line, f/p - orc warrior
Aim: an orc warrior, wielding a +0 halberd and wearing a +0 plate armour (severely wounded, wandering, blind, hasn't noticed you, 82% to hit)
The searing ray hits the orc warrior but does no damage.
The orc warrior is severely wounded. (Press . to maintain the ray.)
The orc warrior is no longer blind.
The searing ray hits the orc warrior but does no damage.
The orc warrior is severely wounded.
The orc warrior completely misses you.
The searing ray hits the orc warrior.
The orc warrior is almost dead.
The orc warrior closely misses you.
Casting: Searing Ray (safe; 1% risk of failure)
Confirm with . or Enter, or press ? or * to list all spells.
Aiming: Magic Dart (safe; 1% risk of failure)
Press: ? - help, Shift-Dir - straight line, f/p - orc warrior
Aim: an orc warrior, wielding a +0 halberd and wearing a +0 plate armour (almost dead, 100% to hit)
The magic dart hits the orc warrior but does no damage.
The orc warrior is almost dead.
The orc warrior hits you from afar with a +0 halberd!
You die...

.#..##.....>.#................#
...##......................#.##
............###..##...##...###
.##....#.....###...##.# #.....
.###..###.)...........# #....
...#...#..............# ...##.
.......##.............# ......#
......<#.............####......#
..............o.@.............##
.......##......................#
........#..)....................
............##..................
..........###...............!...
.................###.........#.
.............#....#.....#....#
............###...##.#))##...#
......O.#....####..#.#.......#


You could see an orc warrior.

Vanquished Creatures
  A wyvern (D:5)
  A black bear (D:5)
  2 ogres
  A phantom (D:5)
  A gnoll sergeant (D:6)
  A scorpion (D:4)
  A jelly (D:4)
  4 hounds
  2 orc priests
  2 iguanas (D:5)
  Natasha (twice) (D:3)
  2 orc wizards
  9 gnolls (D:6)
  6 adders
  2 white imps
  3 ufetubi
  2 dart slugs
  16 orcs
  2 endoplasms (D:1)
  6 giant cockroaches
  10 hobgoblins
  8 kobolds
  2 quokkas
  7 ball pythons
  A frilled lizard (D:2)
  5 goblins
  8 rats
107 creatures vanquished.

Vanquished Creatures (others)
  5 plants (D:4)
5 creatures vanquished.

Grand Total: 112 creatures vanquished

Notes
Turn   | Place    | Note
-------+----------+-------------------------------------------
     0 | D:1      | NinjaNoafa the Tengu Conjurer began the quest for the Orb.
     0 | D:1      | Reached XP level 1. HP: 10/10 MP: 4/4
   206 | D:1      | Reached XP level 2. HP: 15/15 MP: 1/6
   818 | D:2      | Reached XP level 3. HP: 19/19 MP: 1/7
   895 | D:2      | Learned a level 2 spell: Searing Ray
  1045 | D:2      | Reached skill level 6 in Conjurations
  1682 | D:3      | Noticed Natasha
  1693 | D:3      | Killed Natasha
  1694 | D:3      | Reached XP level 4. HP: 19/24 MP: 2/9
  2104 | D:3      | Noticed Natasha
  2108 | D:3      | Killed Natasha
  2295 | D:3      | Gained mutation: Your magical nature lets you fly swiftly
                  | and evasively. [Tengu growth]
  2295 | D:3      | Reached XP level 5. HP: 28/28 MP: 6/11
  2365 | D:3      | Found a hazy altar of Hepliaklqana.
  2475 | D:3      | Reached skill level 7 in Conjurations
  2742 | D:4      | Noticed an ogre
  2779 | D:3      | Learned a level 3 spell: Dazzling Flash
  2780 | D:4      | Found a runed translucent gate.
  2780 | D:4      | Found a runed translucent gate.
  2780 | D:4      | Found a runed translucent gate.
  2827 | D:4      | Reached skill level 1 in Hexes
  2827 | D:4      | Reached XP level 6. HP: 17/32 MP: 1/13
  3382 | D:4      | Reached skill level 8 in Conjurations
  3382 | D:4      | Reached XP level 7. HP: 36/36 MP: 9/14
  3469 | D:4      | Noticed indyram44's ghost (amateur DsFi)
  3895 | D:5      | Entered Level 5 of the Dungeon
  4124 | D:5      | Found a shimmering blue altar of Sif Muna.
  4135 | D:5      | Found an ornate altar of the Wu Jian Council.
  4137 | D:5      | Found a glowing silver altar of Zin.
  4137 | D:5      | Found a shadowy altar of Dithmenos.
  4137 | D:5      | Found a stormy altar of Qazlal.
  4137 | D:5      | Found a sparkling altar of Nemelex Xobeh.
  4325 | D:6      | Reached skill level 5 in Spellcasting
  4346 | D:6      | Reached skill level 1 in Summonings
  4613 | D:6      | Reached XP level 8. HP: 20/41 MP: 3/16
  4766 | D:5      | Noticed a wyvern
  4774 | D:5      | Killed a wyvern
  4775 | D:5      | Reached skill level 9 in Conjurations
  5369 | D:6      | Slain by an orc warrior

Illustrated notes

Levels and vault maps discovered:
D:1:      scummos_arrival_simple_crosswalls, layout_rooms,
          minmay_shallow_snake_nest
D:2:      layout_loops_cross
D:3:      layout_loops_corners, lemuel_crystal_altar, uniq_natasha
D:4:      corexii_shack_village, layout_basic, ebering_ghost_rock_garden,
          dreamdust_princess_corridor
D:5:      layout_rooms, grunt_temple_overflow_open
D:6:      layout_cave_pools

Skill      XL: |  1  2  3  4  5  6  7  8 |
---------------+-------------------------+-----
Conjurations   | 6 7 8 9 |  9.3
Spellcasting   | 3 4 5 |  5.6
Hexes          | 1 2 3 |  3.2
Summonings     | 2 3 |  3.2
Dodging        | |  2.1
Stealth        | |  2.0

Action                   |  1- 3 |  4- 6 |  7- 9 || total
-------------------------+-------+-------+-------++-------
Melee: Long sword        |     3 |       |       ||     3
       Peck              |     2 |       |     3 ||     5
       Kick              |     1 |     1 |     4 ||     6
       Short sword       |     1 |     8 |     7 ||    16
       Trident           |       |       |     3 ||     3
 Cast: Magic Dart        |    57 |    35 |    66 ||   158
       Searing Ray       |     3 |    12 |    21 ||    36
       Dazzling Flash    |       |       |     2 ||     2
Evoke: Wand              |       |       |     1 ||     1
  Use: Scroll            |       |     5 |     1 ||     6
 Stab: Invisible         |       |       |     1 ||     1
Armor: Robe              |     1 |     2 |     7 ||    10
Dodge: Dodged            |     5 |    20 |    80 ||   105
Block: Kite shield       |       |       |     3 ||     3

Table legend: (Time is in decaauts)
 A = Elapsed time spent in this place.
 B = Non-inter-level travel time spent in this place.
 C = Inter-level travel time spent in this place.
 D = Time resting spent in this place.
 E = Time spent auto-exploring this place.
 F = Levels seen in this place.
 G = Mean time per level.
                   A        B        C        D        E       F      G
               +--------+--------+--------+--------+--------+-----+--------+
         Total |   5223 |   5100 |    123 |      0 |   4379 |   6 |  870.5 |
       Dungeon |   5223 |   5100 |    123 |      0 |   4379 |   6 |  870.5 |
               +--------+--------+--------+--------+--------+-----+--------+

Top non-repeatable levels by time:
     D:3: 1137 daAuts
     D:4: 1064 daAuts
     D:5: 922 daAuts
     D:2: 892 daAuts
     D:1: 714 daAuts
     D:6: 491 daAuts
